 Dungeon Crawl Stone Soup version 0.28.0-43-g3370ac3207 (webtiles) character file.

Game seed: 10910906017636683674

285 jadcooma the Sneak (level 6, 0/53 HPs)
             Began as a Draconian Delver on Mar 28, 2022.
             Was an Initiate of Gozag.
             Killed from afar by an orc wizard (8 damage)
             ... with a magic dart
             ... on level 4 of the Dungeon.
             The game lasted 00:22:50 (3729 turns).

jadcooma the Sneak (Draconian Delver)               Turns: 3729, Time: 00:22:51

Health: 0/53       AC:  6    Str: 14    XL:     6   Next: 7%
Magic:  8/8        EV: 16    Int: 11    God:    Gozag
Gold:   292        SH:  0    Dex: 14    Spells: 8/8 levels left

rFire   . . .      SeeInvis .   m - +3 dagger
rCold   . . .      Faith    .   (no shield)
rNeg    . . .      Spirit   .   (armour unavailable)
rPois   .          Reflect  .   (helmet restricted)
rElec   .          Harm     .   (no cloak)
rCorr   .          Rampage  .   (no gloves)
Will    .....                   (no boots)
Stlth   +++.......              (no amulet)
HPRegen 0.17/turn               o - +4 ring of evasion
MPRegen 0.11/turn               q - ring of flight

@: flying
A: AC +6, unfitting armour, cold-blooded
a: Renounce Religion, Potion Petition, Call Merchant, Bribe Branch


You were on level 4 of the Dungeon.
You worshipped Gozag.
Gozag was aware of your devotion.
You visited 1 branch of the dungeon, and saw 5 of its levels.

You collected 340 gold pieces.
You paid 48 gold pieces to Gozag.

Inventory:

Hand Weapons
 a - a +0 hand axe
 m - a +3 dagger (weapon)
 u - a +0 club
Armour
 t - a +0 pair of boots
Jewellery
 l - a ring of fire
 o - a +4 ring of evasion (left hand)
 q - a ring of flight (right hand)
Wands
 d - a wand of charming (9)
 f - a wand of digging (3)
Scrolls
 b - a scroll of fog
 c - a scroll of magic mapping
 h - 2 scrolls of teleportation {unknown}
 i - 4 scrolls of identify
 j - a scroll of silence {unknown}
 n - a scroll of noise {unknown}
 r - 3 scrolls of immolation
 s - a scroll of enchant weapon {unknown}
Potions
 e - a potion of haste
 g - a potion of flight {unknown}
 k - 2 potions of mutation {unknown}
 p - a potion of curing {unknown}


   Skills:
 - Level 4.5 Fighting
 - Level 3.1 Short Blades
 - Level 2.7 Axes
 - Level 2.0 Dodging
 + Level 5.2 Stealth
 * Level 1.8 Spellcasting


You had 8 spell levels left.
You didn't know any spells.
Your spell library contained the following spells:

 Spells                   Type           Power      Damage    Failure   Level
 Slow                     Hex            4%         N/A       30%         1
 Corpse Rot               Necr/Air       2%         N/A       41%         2
 Confusing Touch          Hex            1%         N/A       65%         3
 Mephitic Cloud           Conj/Pois/Air  1%         N/A       65%         3
 Vampiric Draining        Necr           1%         2d6       65%         3
 Anguish                  Hex/Necr       0%         N/A       96%         4


Dungeon Overview and Level Annotations

Branches:
Dungeon (5/15)
 Temple: D:4-7

Altars:
Gozag
Hepliaklqana
Xom
The Shining One

Shops:
D:1 [(*

Annotations:
D:3 Sigmund
D:4 Eustachio


Innate Abilities, Weirdness & Mutations

Your plain brown scales are hard. (AC +6)
You cannot fit into any form of body armour.
You are cold-blooded and may be slowed by cold attacks.


Message History

The puff of flame hits you.
The orc is distracted by your dazzling golden aura.
The orc priest looks encouraged for a moment.
The orc wizard casts a spell at you.
You are confused.
The orc shouts!
The orc is no longer distracted by gold.
You hit the orc.
Your tail-slap misses the orc.
The orc is moderately wounded.
The orc wizard mumbles some strange words.
The orc wizard flickers and vanishes!
Deactivating autopickup; reactivate with Ctrl-A.
Something hits you but does no damage.
You are electrocuted!!
You closely miss something.
Your tail-slap misses something.
The orc closely misses you. Something hits you but does no damage.
You miss the orc priest. You punch the orc priest.
The orc priest is lightly wounded.
The orc hits you with a +0 hand axe. Something hits you but does no damage.
You hit the orc.
Your tail-slap misses the orc.
The orc is almost dead.
You feel less confused.
The orc priest hits you with a +0 hand axe.
The orc completely misses you.
You closely miss the orc priest.
The orc priest is lightly wounded.
Something hits you but does no damage. The orc completely misses you.
The orc priest closely misses you. The orc closely misses you.
The orc priest mumbles some strange prayers to Beogh against you.
Pain shoots through your body!
* * * LOW HITPOINT WARNING * * *
Okay, then.
As you read the scroll of fog, it crumbles to dust.
The scroll dissolves into smoke.
Something hits you but does no damage.
The orc priest hits you with a +0 hand axe.
* * * LOW HITPOINT WARNING * * *
Found a robe.
A magic dart appears from out of thin air!
The magic dart hits you!
You die...
Your body crumbles into a pile of gold.

###......###.#.#
...#
.....###..##.#.#
...#
##..........#.#
#..#.#..#....#
#....o§§####.#
#..#.#o§####.#
###..#.#{o§....#
.....#.#§§######
###.[..@§§#
####.#§§..
#........
#.#.#####.#
#...# # #.#.#
..... #. .#


You could see an orc priest.

Vanquished Creatures
  A wyvern zombie (D:4)
  An orc priest (D:4)
  A hound (D:4)
  A hound zombie (D:4)
  3 adders
  4 gnolls
  An ufetubus (D:4)
  A worm (D:2)
  A dart slug (D:3)
  7 orcs
  6 ball pythons
  6 bats
  6 endoplasms
  8 goblins
  5 hobgoblins
  4 kobolds
  4 quokkas
  A frilled lizard (D:2)
  7 rats
68 creatures vanquished.

Notes
Turn   | Place    | Note
-------+----------+-------------------------------------------
     0 | D:5      | jadcooma the Draconian Delver began the quest for the Orb.
     0 | D:5      | Reached XP level 1. HP: 19/19 MP: 1/1
    25 | D:5      | Reached XP level 2. HP: 22/26 MP: 2/2
   179 | D:4      | Noticed an ogre
   305 | D:1      | Found Cutsuocu's Assorted Antiques.
   326 | D:1      | Reached XP level 3. HP: 32/33 MP: 3/3
   375 | D:1      | Found a faded altar of an unknown god.
   739 | D:1      | Found Zahis's Armour Shop.
   998 | D:1      | Found Maerph's Weapon Emporium.
  1314 | D:2      | Reached skill level 1 in Short Blades
  1660 | D:2      | Reached XP level 4. HP: 40/40 MP: 4/4
  1667 | D:2      | Found an opulent altar of Gozag.
  1682 | D:2      | Became a worshipper of Gozag Ym Sagoz the Greedy
  2039 | D:3      | Found a glowing golden altar of the Shining One.
  2283 | D:3      | Found a shimmering altar of Xom.
  2486 | D:3      | Noticed Sigmund
  2825 | D:3      | Reached XP level 5. HP: 30/47 MP: 5/5
  3035 | D:4      | Noticed Eustachio
  3073 | D:4      | Found a hazy altar of Hepliaklqana.
  3300 | D:4      | Reached skill level 5 in Stealth
  3391 | D:4      | Reached skill level 1 in Spellcasting
  3404 | D:4      | Reached XP level 6. HP: 17/53 MP: 6/8
  3698 | D:4      | Got Vunnoox's Tome of Feathers and Unholy Rituals
  3729 | D:4      | Killed from afar by an orc wizard

Illustrated notes

Levels and vault maps discovered:
D:1:      tarquinn_simple_flora_water_b, layout_basic, serial_shops,
          nicolae_diamond_shop, nicolae_shop_stone, shop,
          shapermc_ecumenical_altar_venn
D:2:      layout_loops_ring, basic_altar, st_stairs_8
D:3:      layout_rooms, old_standard_altar, mainiacjoe_overflow_alcove_2,
          uniq_sigmund
D:4:      layout_basic, nzn_hepliaklqana_mist_gate,
          hangedman_abyss_or_decor_stagger, uniq_pikel, uniq_eustachio
D:5:      layout_loops_ring

Skill      XL: |  1  2  3  4  5 |
---------------+----------------+-----
Dodging        | 2 |  2.0
Short Blades   | 1 2 3 |  3.1
Fighting       | 4 |  4.5
Stealth        | 5 |  5.2
Spellcasting   | 1 |  1.8
Axes           | |  2.7

Action                   |  1- 3 |  4- 6 || total
-------------------------+-------+-------++-------
Melee: Hand axe          |    13 |       ||    13
       Tailslap          |     4 |    22 ||    26
       Dagger            |    70 |   141 ||   211
       Punch             |     1 |     1 ||     2
  Use: Scroll            |       |     4 ||     4
 Stab: Sleeping          |    13 |     5 ||    18
       Distracted        |       |     1 ||     1
Armor: Skin              |    27 |    22 ||    49
Dodge: Dodged            |    43 |    98 ||   141
